 Dungeon Crawl Stone Soup version 0.31.0-9-g3a7656b989 (webtiles) character file.

Game seed: 4755444414115650419

146 qw the Skirmisher (level 5, -3/29 HPs)
             Began as a Deep Elf Hunter on Feb 2, 2024.
             Frozen to death by an endoplasm (5 damage)
             ... on level 3 of the Dungeon.
             The game lasted 00:00:09 (2188 turns).

qw the Skirmisher (Deep Elf Hunter)                 Turns: 2188, Time: 00:00:10

Health: -3/29      AC:  9    Str: 10    XL:     5   Next: 7%
Magic:  7/7        EV: 11    Int: 12    God:
Gold:   1393       SH:  0    Dex: 18    Spells: 4/4 levels left

rFire   . . .        a - +0 shortbow
rCold   . . .        (shield currently unavailable)
rNeg    . . .        h - +2 ring mail
rPois   .            (no helmet)
rElec   .            (no cloak)
rCorr   .            (no gloves)
SInv    .            (no boots)
Will    .....        (no amulet)
Stlth   +            (no ring)
HPRegen 0.24/turn    (no ring)
MPRegen 0.10/turn

%: no passive effects
@: no status effects
A: iridescent scales 1, dopey 1
a: no special abilities


You were on level 3 of the Dungeon.
You visited 1 branch of the dungeon, and saw 3 of its levels.

You collected 1393 gold pieces.


Innate Abilities, Weirdness & Mutations

You are partially covered in iridescent scales. (AC +2)
You are dopey. (Int -2)


   Skills:
 - Level 1.5 Fighting
 + Level 8.5 Ranged Weapons
 - Level 2.4 Dodging
 - Level 1.2 Stealth


You had 4 spell levels left.
You didn't know any spells.
Your spell library was empty.

Inventory:

Hand Weapons
 a - a +0 shortbow (weapon)
Armour
 h - a +2 ring mail (worn)
Jewellery
 b - an amulet of magic regeneration
Wands
 e - a wand of charming (14)
Potions
 c - a potion of haste {unknown}
 d - a potion of curing {unknown}
 f - a potion of mutation

Dungeon Overview and Level Annotations

Branches:
Dungeon (3/15)

Altars:
Cheibriados
Kikubaaqudgha
Okawaru
Sif Muna
Trog
Yredelemnul

Shops:
D:2 :


Message History

You shoot an arrow. The arrow hits the jelly!
The jelly is heavily wounded.
The endoplasm freezes you.
You are frozen.
The endoplasm hits the toadstool.
The toadstool is destroyed!
The endoplasm hits the fungus.
You shoot an arrow. The arrow hits the jelly!
You kill the jelly!
A nearby fungus withers and dies.
The endoplasm hits the fungus.
The fungus begins to die.
The endoplasm freezes you.
You are frozen.
The endoplasm hits the fungus.
You have reached level 5!
You shoot an arrow. The arrow hits the endoplasm.
The endoplasm is almost dead.
The endoplasm barely misses you.
The endoplasm hits the fungus.
The endoplasm barely misses you.
The endoplasm hits the fungus.
You shoot an arrow. The arrow barely misses the endoplasm.
The arrow hits the jelly!
The jelly is severely wounded.
The endoplasm hits you but does no damage.
The endoplasm hits the fungus.
The endoplasm hits you.
The endoplasm hits the fungus.
The endoplasm jiggles.
You shoot an arrow. The arrow hits the endoplasm.
You kill the endoplasm!
The endoplasm hits the fungus.
The endoplasm freezes you.
You are frozen.
The endoplasm hits the fungus.
You shoot an arrow. The arrow barely misses the endoplasm.
A nearby fungus withers and dies.
The endoplasm misses you. The endoplasm freezes you.
You are frozen.
The endoplasm freezes you.
You are frozen.
The endoplasm closely misses you.
You shoot an arrow. The arrow hits the jelly.
The jelly is severely wounded.
The endoplasm freezes you.
You are frozen.
You die...

#### .... ...... ......
####### .....#
##########J...%.#
####.###......##@JJ.P.P#
#.##)......#.#JJ....#
##.'........#.#JJ.___#
#.))........#.#..%..%#
#..))..)..#'#.#_.._._#
###.)##.....#.#)#......#
.....###..!.#.#.#...P.%#
...#.# #######.##.....!#
##...####### ###


You could see a jelly and 6 endoplasms.

Vanquished Creatures
  A jelly (D:3)
  4 adders
  2 dart slugs
  3 ribbon worms
  9 endoplasms
  14 giant cockroaches
  5 goblins
  2 hobgoblins
  3 jackals (D:1)
  3 ball pythons
  A bat (D:1)
  2 frilled lizards (D:1)
  11 kobolds
  5 rats
65 creatures vanquished.

Notes
Turn   | Place    | Note
-------+----------+-------------------------------------------
     0 | D:1      | qw the Deep Elf Hunter began the quest for the Orb.
     0 | D:1      | Reached XP level 1. HP: 12/12 MP: 3/3
     0 | D:1      | 0 ||| qw: Version: 0.3-a-155-g5e7d8dd
     0 | D:1      | 0 ||| qw: Game counter: 529
     0 | D:1      | 0 ||| qw: Melee chars always use a shield: true
     0 | D:1      | 0 ||| qw: God list: Okawaru
     0 | D:1      | 0 ||| qw: Allow faded altars: false
     0 | D:1      | 0 ||| qw: Do Orc after clearing Dungeon:15 true
     0 | D:1      | 0 ||| qw: Do second Lair branch before Depths: true
     0 | D:1      | 0 ||| qw: Lair rune preference: random
     0 | D:1      | 0 ||| qw: Goals: Normal
     0 | D:1      | 0 ||| PLANNING D:1-11
   167 | D:1      | Reached skill level 6 in Ranged Weapons
   167 | D:1      | Reached XP level 2. HP: 16/16 MP: 4/4
  1043 | D:1      | 1043 ||| UPGRADING to +0 ring mail.
  1053 | D:1      | 1053 ||| DROPPING +0 leather armour.
  1054 | D:1      | 1054 ||| READING scroll labelled FEFUQI NEGUDD.
  1055 | D:1      | 1055 ||| READING scroll labelled CUL GONUOTHEYH.
  1055 | D:1      | Identified a scroll of acquirement
  1055 | D:1      | 1055 ||| ACQUIRING 1263 gold pieces
  1055 | D:1      | Acquired 1263 gold pieces
  1057 | D:1      | 1057 ||| DRINKING 2 brown potions.
  1057 | D:1      | Gained mutation: You occasionally lose the ability to read
                  | scrolls when taking damage. [potion of mutation]
  1058 | D:1      | 1058 ||| DRINKING potion of mutation.
  1058 | D:1      | Lost mutation: You occasionally lose the ability to read
                  | scrolls when taking damage. [potion of mutation]
  1058 | D:1      | Gained mutation: You are dopey. (Int -2) [potion of
                  | mutation]
  1058 | D:1      | Gained mutation: You are partially covered in iridescent
                  | scales. (AC +2) [potion of mutation]
  1059 | D:1      | 1059 ||| DRINKING 2 fuming white potions.
  1084 | D:1      | 1084 ||| DROPPING scroll of butterflies.
  1085 | D:1      | 1085 ||| DROPPING potion of lignification.
  1114 | D:2      | Reached XP level 3. HP: 20/20 MP: 5/5
  1144 | D:2      | 1144 ||| FLEEEEING.
  1145 | D:2      | 1145 ||| FLEEEEING.
  1147 | D:2      | 1147 ||| FLEEEEING.
  1148 | D:2      | 1148 ||| FLEEEEING.
  1150 | D:2      | 1150 ||| FLEEEEING.
  1151 | D:2      | 1151 ||| FLEEEEING.
  1152 | D:2      | 1152 ||| FLEEEEING.
  1154 | D:2      | 1154 ||| FLEEEEING.
  1160 | D:2      | 1160 ||| STAIRDANCE
  1174 | D:1      | 1174 ||| READING scroll labelled QONULU LYTOCWA.
  1255 | D:2      | Reached skill level 7 in Ranged Weapons
  1446 | D:2      | Reached XP level 4. HP: 25/25 MP: 6/6
  1585 | D:2      | Found Ycuid's Vocational Training.
  1888 | D:2      | 1888 ||| READING scroll labelled BUHUSI FEC APP.
  1888 | D:2      | 1888 ||| ENCHANTING +0 ring mail.
  1917 | D:3      | Found a faded altar of an unknown god.
  1987 | D:3      | 1987 ||| READING scroll of enchant armour.
  1987 | D:3      | 1987 ||| ENCHANTING +1 ring mail.
  2124 | D:3      | Reached skill level 8 in Ranged Weapons
  2178 | D:3      | Found an iron altar of Okawaru.
  2178 | D:3      | Found a snail-covered altar of Cheibriados.
  2178 | D:3      | Found a basalt altar of Yredelemnul.
  2178 | D:3      | Found an ancient bone altar of Kikubaaqudgha.
  2178 | D:3      | Found a shimmering blue altar of Sif Muna.
  2178 | D:3      | Found a bloodstained altar of Trog.
  2179 | D:3      | 2179 ||| PLANNING OKAWARU WORSHIP
  2184 | D:3      | Reached XP level 5. HP: 10/29 MP: 7/7
  2186 | D:3      | HP: 4/29 [frozen (5)]
  2188 | D:3      | Frozen to death by an endoplasm

Levels and vault maps discovered:
D:1:      sevenhm_arrival_forest_fort_small_3, layout_basic
D:2:      minmay_roachtagon, layout_basic, nicolae_shop_vocational
D:3:      cheibrodos_fertilizer, layout_basic, nicolae_dithmenos_shadow_blocks,
          nicolae_ru_sacrificial_ziggurat, mainiacjoe_overflow_catwalk,
          nicolae_ecumenical_snake_handling, columned_hall_lemuel

Skill      XL: |  1  2  3  4 |
---------------+-------------+-----
Ranged Weapons | 6 7 8 |  8.5
Fighting       | |  1.5
Dodging        | |  2.4
Stealth        | |  1.2

Action                     |  1- 3 |  4- 6 || total
---------------------------+-------+-------++-------
   Fire: Shortbow          |   134 |    65 ||   199
    Use: Potion            |     3 |       ||     3
         Scroll            |     3 |     2 ||     5
 Armour: Leather armour    |    12 |       ||    12
         Ring mail         |    27 |    19 ||    46
  Dodge: Dodged            |    47 |    15 ||    62

Table legend:
 A = Non-vault XP
 B = Vault XP
 C = Vault XP percentage of total XP
 D = Non-vault monster count
 E = Vault monster count
 F = Vault count percentage of total count
                 A         B        C        D         E       F
            +---------+---------+-------+---------+---------+-------
      Total |     115 |      94 |  45.0 |      42 |      23 |  35.4
            +---------+---------+-------+---------+---------+-------
        D:1 |      36 |       0 |   0.0 |      23 |       0 |   0.0
        D:2 |      53 |      22 |  29.3 |      13 |      11 |  45.8
        D:3 |      26 |      72 |  73.5 |       6 |      12 |  66.7
            +---------+---------+-------+---------+---------+-------
